[Event "EYCC Girls-U10 2019"]
[Site "Bratislava"]
[Date "2019.08.08"]
[Round "7.24"]
[White "Trunz, Tamila"]
[Black "Bursali, Ela"]
[Result "0-1"]
[ECO "B23"]
[WhiteElo "1274"]
[BlackElo "1197"]
[Annotator "NA"]
[PlyCount "146"]
[EventDate "2019.08.02"]
[EventType "swiss"]
[EventCountry "SVK"]
[SourceTitle "playchess.com"]
[Source "ChessBase"]
[SourceQuality "1"]
[TimeControl "40/5400+30:1800+30"]

1. e4 c5 2. Nc3 Nc6 3. f4 e6 4. Nf3 g6 5. Bb5 Nge7 6. O-O Bg7 7. d3 O-O 8. Be3 d6 9. Rb1 a6 10. Ba4 b5 11. Bb3 Bb7 12. Ne2 Na5 13. c3 Nxb3 14. axb3 Rc8 15. Qd2 f5 16. Ng3 Qd7 17. Rbe1 Rfe8 18. Bf2 Qc6 19. Re3 fxe4 20. dxe4 d5 21. exd5 Nxd5 22. Re2 Rcd8 23. Qc1 Rd7 24. Ne4 c4 25. Nc5 Rde7 26. bxc4 bxc4 27. Rfe1 Nf6 28. Nxb7 Qxb7 29. Nd4 Qc8 30. Qe3 Ng4 31. Qf3 Nxf2 32. Rxf2 Bxd4 33. cxd4 Qd7 34. Qc3 Qa4 35. Rfe2 Qb5 36. Re5 Qb3 37. Qxb3 cxb3 38. Ra5 Rd7 39. Rd1 Rd6 40. Rd3 Rb8 41. Rc5 Rb4 42. d5 Rxf4 43. Rxb3 Rxd5 44. Rxd5 exd5 45. Rd3 Rb4 46. b3 Kg7 47. Kf2 Rb5 48. Ke2 Kf6 49. Kd2 a5 50. Kc2 Rc5+ 51. Kb2 h5 52. Rd4 Ke5 53. Rd2 Rb5 54. g3 Rb4 55. Re2+ Re4 56. Rd2 h4 57. gxh4 Rxh4 58. Re2+ Re4 59. Rg2 Kf5 60. Rd2 d4 61. Rc2 Re5 62. Rd2 Ke4 63. Ka3 d3 64. Rd1 Rd5 65. b4 axb4+ 66. Kxb4 d2 67. Kc4 Rd8 68. Kc3 Ke3 69. Kb2 Ke2 70. Rxd2+ Rxd2+ 71. Kc3 Ke3 72. Kc4 Rxh2 73. Kd5 g5 0-1

[Event "EYCC Girls-U10 2019"]
[Site "Bratislava"]
[Date "2019.08.09"]
[Round "8.1"]
[White "Stoll, Lucia"]
[Black "Shukhman, Anna"]
[Result "0-1"]
[ECO "B27"]
[WhiteElo "1403"]
[BlackElo "1806"]
[Annotator "NA"]
[PlyCount "98"]
[EventDate "2019.08.02"]
[EventType "swiss"]
[EventCountry "SVK"]
[SourceTitle "playchess.com"]
[Source "ChessBase"]
[SourceQuality "1"]
[TimeControl "40/5400+30:1800+30"]

1. e4 c5 2. Nf3 g6 3. c3 d5 4. Bb5+ Nc6 5. e5 Bg7 6. O-O Bg4 7. Bxc6+ bxc6 8. d4 cxd4 9. cxd4 Qb6 10. Nbd2 e6 11. h3 Bxf3 12. Nxf3 Ne7 13. Qe2 O-O 14. Be3 Nf5 15. Rac1 Rfc8 16. b3 Bf8 17. Nh2 Nxd4 18. Qd2 c5 19. Bxd4 cxd4 20. Nf3 a5 21. Rxc8 Rxc8 22. Qxd4 Qb4 23. Qb2 Bc5 24. Rc1 a4 25. Ne1 Bxf2+ 26. Kf1 Rxc1 27. Qxc1 Qxe1+ 28. Qxe1 Bxe1 29. Kxe1 axb3 30. axb3 Kf8 31. Kd2 Ke7 32. Kc3 Kd7 33. Kb4 Kc6 34. h4 h5 35. Ka5 d4 36. Kb4 Kd5 37. Ka3 d3 38. Kb2 Kd4 39. b4 Ke3 40. b5 d2 41. b6 d1=Q 42. b7 Qd8 43. Kc3 Qc7+ 44. Kb4 Qxb7+ 45. Kc5 Qc7+ 46. Kb5 Kd4 47. g3 Qb7+ 48. Ka5 Kc4 49. Ka4 Qb4# 0-1

[Event "EYCC Girls-U10 2019"]
[Site "Bratislava"]
[Date "2019.08.09"]
[Round "8.2"]
[White "Kirtadze, Anastasia"]
[Black "Hnatyshyn, Anastasiia"]
[Result "1/2-1/2"]
[ECO "E06"]
[WhiteElo "1532"]
[BlackElo "1380"]
[Annotator "NA"]
[PlyCount "73"]
[EventDate "2019.08.02"]
[EventType "swiss"]
[EventCountry "SVK"]
[SourceTitle "playchess.com"]
[Source "ChessBase"]
[SourceQuality "1"]
[TimeControl "40/5400+30:1800+30"]

1. d4 Nf6 2. Nf3 e6 3. g3 d5 4. c4 Be7 5. Bg2 O-O 6. O-O dxc4 7. Ne5 Nc6 8. Bxc6 bxc6 9. Nxc6 Qe8 10. Nxe7+ Qxe7 11. Nc3 c5 12. dxc5 Qxc5 13. Be3 Qc6 14. f3 Nd5 15. Nxd5 exd5 16. Bd4 Bf5 17. Qd2 Rfe8 18. Rf2 a6 19. Rc1 Qd6 20. Rd1 Rad8 21. Qg5 Qg6 22. Qxg6 Bxg6 23. Rc1 Rb8 24. Rd1 f6 25. Rc1 Kf7 26. Rd1 Rb5 27. Bc3 Ke6 28. Rff1 Reb8 29. Rd2 a5 30. Kf2 a4 31. a3 Rb3 32. Ra1 h5 33. Rc1 R3b5 34. Bd4 Rb3 35. Bc3 Rh8 36. Rd4 Rhb8 37. Rd2 {[%emt 0:00:04] Ke5} 1/2-1/2

[Event "EYCC Girls-U10 2019"]
[Site "Bratislava"]
[Date "2019.08.09"]
[Round "8.3"]
[White "Iudina, Veronika"]
[Black "Smietanska, Wiktoria"]
[Result "0-1"]
[ECO "B22"]
[WhiteElo "1357"]
[BlackElo "1547"]
[Annotator "NA"]
[PlyCount "176"]
[EventDate "2019.08.02"]
[EventType "swiss"]
[EventCountry "SVK"]
[SourceTitle "playchess.com"]
[Source "ChessBase"]
[SourceQuality "1"]
[TimeControl "40/5400+30:1800+30"]

1. e4 c5 2. c3 Nf6 3. e5 Nd5 4. d4 cxd4 5. cxd4 d6 6. Nf3 Nc6 7. Bc4 Nb6 8. Bb5 a6 9. Bxc6+ bxc6 10. O-O Bg4 11. h3 Bh5 12. Nbd2 e6 13. Qc2 Qc7 14. Re1 Bg6 15. Qd1 Be7 16. Ne4 O-O 17. exd6 Bxd6 18. Nxd6 Qxd6 19. Ne5 Rfd8 20. Be3 Bf5 21. Qf3 Nd5 22. a3 Nxe3 23. Qxe3 Rac8 24. Rac1 h6 25. Red1 c5 26. dxc5 Qxd1+ 27. Rxd1 Rxd1+ 28. Kh2 Rd5 29. b4 a5 30. Nc4 Rd3 31. Qf4 axb4 32. axb4 Rb3 33. Na5 Rd3 34. c6 Rd5 35. Qc4 Bd3 36. Qc3 Rc7 37. Nb3 Rd6 38. Na5 Rd5 39. f4 f6 40. Nb3 Bb5 41. Nd4 Ba6 42. Nxe6 Rc8 43. Nc5 Bb5 44. c7 Rxc7 45. Qb3 Bc6 46. b5 Ba8 47. Na6 Rf7 48. b6 Rd2 49. Kg1 Bd5 50. Qc3 Rxg2+ 51. Kf1 Bb7 52. Nc5 Bd5 53. b7 Bxb7 54. Nxb7 Rh2 55. Qc8+ Kh7 56. Kg1 Rd2 57. Qc1 Rfd7 58. Qb1+ g6 59. Qb5 Rc7 60. Qb1 Rcc2 61. Nd6 Rg2+ 62. Kf1 Rcf2+ 63. Ke1 Rg1+ 64. Kxf2 Rxb1 65. f5 gxf5 66. Nxf5 Kg6 67. Nh4+ Kg5 68. Kg3 Rb3+ 69. Nf3+ Kf5 70. Kf2 Kf4 71. Nd4 Rxh3 72. Ne2+ Kg4 73. Kg2 Re3 74. Kf2 Rxe2+ 75. Kxe2 Kg3 76. Kf1 Kf3 77. Kg1 f5 78. Kh2 f4 79. Kg1 Ke2 80. Kg2 f3+ 81. Kg3 f2 82. Kg4 f1=Q 83. Kh5 Qg2 84. Kxh6 Qg8 85. Kh5 Qg7 86. Kh4 Kf3 87. Kh5 Kf4 88. Kh4 Qh6# 0-1

[Event "EYCC Girls-U10 2019"]
[Site "Bratislava"]
[Date "2019.08.09"]
[Round "8.4"]
[White "Fedorova, Olesya"]
[Black "Prochaieva, Alina"]
[Result "1-0"]
[ECO "B06"]
[WhiteElo "1516"]
[BlackElo "1247"]
[Annotator "NA"]
[PlyCount "57"]
[EventDate "2019.08.02"]
[EventType "swiss"]
[EventCountry "SVK"]
[SourceTitle "playchess.com"]
[Source "ChessBase"]
[SourceQuality "1"]
[TimeControl "40/5400+30:1800+30"]

1. e4 g6 2. d4 Bg7 3. Nc3 d6 4. h3 a6 5. a4 e6 6. Nf3 Ne7 7. Bd3 Nd7 8. O-O O-O 9. Be3 b6 10. Nd2 Bb7 11. f4 c5 12. Nf3 Rc8 13. Kh2 f5 14. Ng5 cxd4 15. Nxe6 Qe8 16. Nxg7 Kxg7 17. Bxd4+ Kg8 18. Qe2 Qf7 19. b3 fxe4 20. Nxe4 Nf5 21. Bb2 Rfe8 22. Qf3 Rc7 23. Rae1 Kf8 24. Qf2 Nc5 25. Ng5 Qd7 26. Bxf5 gxf5 27. Qd4 Rxe1 28. Qh8+ Ke7 29. Bf6# 1-0

[Event "EYCC Girls-U10 2019"]
[Site "Bratislava"]
[Date "2019.08.09"]
[Round "8.5"]
[White "Toth, Lili"]
[Black "Goriachkina, Oksana"]
[Result "1-0"]
[ECO "D18"]
[WhiteElo "2199"]
[BlackElo "1417"]
[Annotator "NA"]
[PlyCount "145"]
[EventDate "2019.08.02"]
[EventType "swiss"]
[EventCountry "SVK"]
[SourceTitle "playchess.com"]
[Source "ChessBase"]
[SourceQuality "1"]
[TimeControl "40/5400+30:1800+30"]

1. d4 d5 2. c4 c6 3. Nf3 Nf6 4. Nc3 dxc4 5. a4 Bf5 6. e3 e6 7. Bxc4 Bb4 8. O-O O-O 9. Bd2 c5 10. Ne2 Bxd2 11. Qxd2 Ne4 12. Qd1 Nd7 13. Nc3 Ndf6 14. h3 Qb6 15. Qb3 Qxb3 16. Bxb3 cxd4 17. exd4 Rac8 18. Rac1 Rfd8 19. Rfd1 h6 20. Kf1 a6 21. Ke2 Rc7 22. Nxe4 Rxc1 23. Nxf6+ gxf6 24. Rxc1 Be4 25. Ke3 f5 26. Rc7 b5 27. Ne5 bxa4 28. Bxa4 Rf8 29. g3 Bg2 30. h4 Bf1 31. Nd3 Rb8 32. b3 Rd8 33. Rc1 Bxd3 34. Kxd3 e5 35. Rc4 Kf8 36. Ke3 exd4+ 37. Rxd4 Rc8 38. Kd2 Rc5 39. b4 Re5 40. f4 Re6 41. Bd7 Rg6 42. Rd3 Rf6 43. Ke2 Rb6 44. Rd4 Rf6 45. b5 axb5 46. Bxb5 Kg7 47. Bd3 h5 48. Rd5 Kg6 49. Re5 Rd6 50. Rxf5 Kg7 51. Rxh5 Rb6 52. Rg5+ Kh6 53. Be4 Re6 54. Kf3 Ra6 55. Rf5 Kg7 56. Bd5 f6 57. Be4 Ra3+ 58. Kg4 Re3 59. Bf3 Re8 60. Rd5 Kh6 61. h5 Re6 62. Kh4 Re3 63. Bg4 Re8 64. Bf5 Rb8 65. Rd7 Rb7 66. g4 Rxd7 67. Bxd7 Kg7 68. g5 fxg5+ 69. fxg5 Kf7 70. Bf5 Kg7 71. h6+ Kh8 72. g6 Kg8 73. g7 1-0

[Event "EYCC Girls-U10 2019"]
[Site "Bratislava"]
[Date "2019.08.09"]
[Round "8.6"]
[White "Shatil, Or"]
[Black "Kusakina, Uliana"]
[Result "0-1"]
[ECO "B13"]
[WhiteElo "1185"]
[BlackElo "1364"]
[Annotator "NA"]
[PlyCount "82"]
[EventDate "2019.08.02"]
[EventType "swiss"]
[EventCountry "SVK"]
[SourceTitle "playchess.com"]
[Source "ChessBase"]
[SourceQuality "1"]
[TimeControl "40/5400+30:1800+30"]

1. e4 c6 2. d4 d5 3. exd5 cxd5 4. Bd3 Nc6 5. c3 Nf6 6. Bf4 g6 7. Nf3 Bg7 8. O-O O-O 9. h3 Bf5 10. Re1 Bxd3 11. Qxd3 Ne4 12. Nbd2 f5 13. Ng5 Nxg5 14. Bxg5 h6 15. Bf4 g5 16. Bh2 Qd7 17. Nb3 b6 18. Re2 f4 19. Rae1 Rf6 20. f3 Kh8 21. Qb5 e6 22. Nc1 Rd8 23. Qb3 Rdf8 24. Nd3 Rg6 25. Qc2 Qe8 26. b4 a6 27. a4 Qf7 28. Nf2 h5 29. b5 axb5 30. axb5 Na5 31. Ra1 Nc4 32. Qa4 Qf5 33. Qb4 Ne3 34. Ra7 g4 35. hxg4 hxg4 36. fxg4 Nxg4 37. Nxg4 Rxg4 38. Qe7 f3 39. Rb2 f2+ 40. Kh1 f1=Q+ 41. Bg1 Qh5+ 0-1

[Event "EYCC Girls-U10 2019"]
[Site "Bratislava"]
[Date "2019.08.09"]
[Round "8.7"]
[White "Mkrtchyan, Anahit H."]
[Black "Arzur, Maia"]
[Result "0-1"]
[ECO "B03"]
[WhiteElo "1155"]
[BlackElo "1507"]
[Annotator "NA"]
[PlyCount "86"]
[EventDate "2019.08.02"]
[EventType "swiss"]
[EventCountry "SVK"]
[SourceTitle "playchess.com"]
[Source "ChessBase"]
[SourceQuality "1"]
[TimeControl "40/5400+30:1800+30"]

1. e4 Nf6 2. e5 Nd5 3. c4 Nb6 4. d4 d6 5. exd6 exd6 6. Nc3 Be7 7. Bd3 Bf6 8. Be3 Nc6 9. Nge2 Bg4 10. h3 Bxe2 11. Bxe2 O-O 12. O-O d5 13. c5 Nc8 14. Qb3 N8e7 15. Rad1 Nf5 16. Qxd5 Nfxd4 17. Bxd4 Bxd4 18. Qb3 Rb8 19. Bf3 Qf6 20. Nd5 Qg5 21. Nxc7 Rfc8 22. Nb5 Qxc5 23. Bd5 Rf8 24. Nxd4 Nxd4 25. Qc4 Qxc4 26. Bxc4 Nc6 27. Rfe1 Rfd8 28. Kf1 Kf8 29. Ke2 Nd4+ 30. Kf1 Nc6 31. f3 Rxd1 32. Rxd1 Rd8 33. Rxd8+ Nxd8 34. Ke2 Ke7 35. Ke3 Kd6 36. Ke4 b6 37. b3 a5 38. a4 Kc5 39. f4 Kd6 40. f5 h6 41. g4 f6 42. h4 Nc6 43. Kf4 Nd4 0-1

[Event "EYCC Girls-U10 2019"]
[Site "Bratislava"]
[Date "2019.08.09"]
[Round "8.8"]
[White "Bendik, Margarita"]
[Black "Sidorenja, Milena"]
[Result "0-1"]
[ECO "B40"]
[WhiteElo "1188"]
[BlackElo "1573"]
[Annotator "NA"]
[PlyCount "78"]
[EventDate "2019.08.02"]
[EventType "swiss"]
[EventCountry "SVK"]
[SourceTitle "playchess.com"]
[Source "ChessBase"]
[SourceQuality "1"]
[TimeControl "40/5400+30:1800+30"]

1. e4 c5 2. Nf3 e6 3. d4 cxd4 4. Nxd4 Nf6 5. Bd3 Nc6 6. Nxc6 bxc6 7. O-O Be7 8. c4 d6 9. Nc3 O-O 10. Qc2 h6 11. Re1 Ng4 12. h3 Ne5 13. Bf1 Bg5 14. Rd1 Ng6 15. Bxg5 Qxg5 16. Rxd6 Nf4 17. Kh1 e5 18. Rxc6 f5 19. g3 Ne6 20. Qc1 f4 21. Ne2 fxg3 22. fxg3 Qg6 23. Qe3 Bb7 24. Rd6 Bxe4+ 25. Kh2 Rf3 26. Qg1 Raf8 27. Bg2 Rf2 28. Nf4 R8xf4 29. Rxe6 Qxe6 30. gxf4 Rxg2+ 31. Qxg2 Bxg2 32. Kxg2 exf4 33. Rf1 Qe2+ 34. Rf2 Qxc4 35. a3 g5 36. Kf3 Qd3+ 37. Kg2 h5 38. a4 Qg3+ 39. Kf1 Qxh3+ 0-1

[Event "EYCC Girls-U10 2019"]
[Site "Bratislava"]
[Date "2019.08.09"]
[Round "8.9"]
[White "Eros, Vivien"]
[Black "Piddubna, Bozhena"]
[Result "0-1"]
[ECO "D02"]
[WhiteElo "1251"]
[BlackElo "1444"]
[Annotator "NA"]
[PlyCount "62"]
[EventDate "2019.08.02"]
[EventType "swiss"]
[EventCountry "SVK"]
[SourceTitle "playchess.com"]
[Source "ChessBase"]
[SourceQuality "1"]
[TimeControl "40/5400+30:1800+30"]

1. d4 d5 2. Nf3 Nf6 3. Bf4 g6 4. Nbd2 Bg7 5. e3 O-O 6. Bd3 b6 7. e4 dxe4 8. Nxe4 Bb7 9. Nxf6+ Bxf6 10. c3 Nd7 11. O-O c5 12. Be2 cxd4 13. Nxd4 e5 14. Bh6 exd4 15. Bxf8 Nxf8 16. c4 Ne6 17. f4 Ng7 18. Bf3 Bxf3 19. Qxf3 Rc8 20. b3 Nf5 21. Rfd1 Rc7 22. Rd3 Re7 23. g4 Nh4 24. Qf2 Re3 25. Rad1 Qc8 26. h3 Qa8 27. Rxe3 dxe3 28. Qe2 Nf3+ 29. Kf1 Nh2+ 30. Kg1 Nf3+ 31. Kf1 Nd4 0-1

[Event "EYCC Girls-U10 2019"]
[Site "Bratislava"]
[Date "2019.08.09"]
[Round "8.10"]
[White "Stefan, Iulia-Cristiana"]
[Black "Zavivaeva, Evelina"]
[Result "0-1"]
[ECO "C65"]
[WhiteElo "1389"]
[BlackElo "1302"]
[Annotator "NA"]
[PlyCount "96"]
[EventDate "2019.08.02"]
[EventType "swiss"]
[EventCountry "SVK"]
[SourceTitle "playchess.com"]
[Source "ChessBase"]
[SourceQuality "1"]
[TimeControl "40/5400+30:1800+30"]

1. e4 e5 2. Nf3 Nc6 3. Bb5 Nf6 4. d3 Bc5 5. c3 d6 6. O-O O-O 7. Be3 Bb6 8. Bxb6 axb6 9. Ba4 Bg4 10. Bb3 Ne7 11. Re1 Ng6 12. h3 Bh5 13. Nbd2 Nd7 14. Nf1 Qf6 15. N1h2 Nf4 16. Kh1 Nc5 17. Bc2 Nce6 18. d4 Ng5 19. Ng4 Bxg4 20. hxg4 Qh6+ 21. Kg1 Nxg2 22. Re3 Nxe3 23. fxe3 Qh3 24. Nxg5 Qxe3+ 25. Kg2 Qxg5 26. Qe2 Rfe8 27. Rf1 h5 28. Bb3 Re7 29. Kg3 Qxg4+ 30. Qxg4 hxg4 31. Kxg4 exd4 32. cxd4 Rxe4+ 33. Kg5 Ra5+ 34. d5 Re5+ 35. Kg4 g6 36. Rf2 Kg7 37. Rc2 Rc5 38. Rf2 Re4+ 39. Kg3 f5 40. Bc2 Rg4+ 41. Kf3 Rxd5 42. Re2 Re5 43. Rd2 d5 44. Bd1 c6 45. Kf2 Rh4 46. Kg3 g5 47. Bc2 f4+ 48. Kg2 Re3 0-1

[Event "EYCC Girls-U10 2019"]
[Site "Bratislava"]
[Date "2019.08.09"]
[Round "8.12"]
[White "Pavesi, Bianca"]
[Black "Salmina, Veronika"]
[Result "0-1"]
[ECO "E61"]
[WhiteElo "1537"]
[BlackElo "1335"]
[Annotator "NA"]
[PlyCount "58"]
[EventDate "2019.08.02"]
[EventType "swiss"]
[EventCountry "SVK"]
[SourceTitle "playchess.com"]
[Source "ChessBase"]
[SourceQuality "1"]
[TimeControl "40/5400+30:1800+30"]

1. d4 Nf6 2. Nf3 g6 3. c4 Bg7 4. Nc3 d6 5. Bg5 c5 6. e3 O-O 7. Be2 Bf5 8. O-O Nbd7 9. Nd2 h6 10. Bxf6 Nxf6 11. Nf3 Ne4 12. Bd3 Nxc3 13. bxc3 Bxd3 14. Qxd3 Rc8 15. Rfd1 Qc7 16. Rac1 cxd4 17. cxd4 d5 18. c5 b6 19. c6 Qd6 20. Qb5 Rc7 21. Rc2 Rfc8 22. Rdc1 Qa3 23. g3 e6 24. Kg2 Rb8 25. Qe2 b5 26. Rc3 Qd6 27. Nd2 Rb6 28. Rb1 Rcxc6 29. Rcb3 a6 0-1

[Event "EYCC Girls-U10 2019"]
[Site "Bratislava"]
[Date "2019.08.09"]
[Round "8.13"]
[White "Haasova, Timea"]
[Black "Bagas, Ana"]
[Result "1-0"]
[ECO "C01"]
[WhiteElo "1287"]
[BlackElo "1442"]
[Annotator "NA"]
[PlyCount "87"]
[EventDate "2019.08.02"]
[EventType "swiss"]
[EventCountry "SVK"]
[SourceTitle "playchess.com"]
[Source "ChessBase"]
[SourceQuality "1"]
[TimeControl "40/5400+30:1800+30"]

1. e4 e6 2. d4 d5 3. exd5 exd5 4. Bd3 Bd6 5. Ne2 Nc6 6. c3 Nge7 7. O-O Bf5 8. Bf4 Qd7 9. Bxd6 Qxd6 10. Ng3 Bg6 11. a4 O-O-O 12. b4 h5 13. h3 h4 14. Ne2 Bxd3 15. Qxd3 g5 16. Qf3 f5 17. a5 Rdg8 18. b5 Nd8 19. a6 b6 20. Nd2 g4 21. hxg4 Rxg4 22. Kh1 Nf7 23. Ra2 Ng5 24. Qd3 Rg8 25. Rg1 Ne4 26. Nxe4 fxe4 27. Qh3 Nf5 28. Raa1 Kb8 29. Qh2 Qe7 30. Nf4 Qd6 31. Nh5 Qe7 32. Qe5 Qxe5 33. dxe5 R4g6 34. Nf4 R6g7 35. Nxd5 Rd8 36. Nb4 Ne7 37. Rad1 Rxd1 38. Rxd1 Kc8 39. Rd4 Rg6 40. Rxe4 Re6 41. f4 Nf5 42. Kh2 Ng3 43. Re1 Kd7 44. Nc6 1-0

[Event "EYCC Girls-U10 2019"]
[Site "Bratislava"]
[Date "2019.08.09"]
[Round "8.14"]
[White "Zadrapova, Amalie"]
[Black "Bat, Anu"]
[Result "1-0"]
[ECO "B40"]
[WhiteElo "1248"]
[BlackElo "1457"]
[Annotator "NA"]
[PlyCount "119"]
[EventDate "2019.08.02"]
[EventType "swiss"]
[EventCountry "SVK"]
[SourceTitle "playchess.com"]
[Source "ChessBase"]
[SourceQuality "1"]
[TimeControl "40/5400+30:1800+30"]

1. e4 c5 2. Nf3 e6 3. d4 cxd4 4. Nxd4 Nf6 5. Nc3 Nc6 6. Be3 Bb4 7. Bd3 d5 8. f3 O-O 9. Nxc6 bxc6 10. Bd2 Bxc3 11. Bxc3 d4 12. Bb4 Re8 13. Qd2 a5 14. Bc5 e5 15. O-O-O Be6 16. a4 Nd7 17. Ba3 c5 18. Qe2 Qc7 19. Bb5 Reb8 20. b3 Nb6 21. Kb2 c4 22. Rc1 c3+ 23. Kb1 Nc8 24. Ka2 Na7 25. Bd3 Qd7 26. Ka1 f6 27. g4 Kh8 28. h4 Qe8 29. g5 g6 30. gxf6 Qf7 31. Bd6 Rb6 32. Bxe5 Nc6 33. f4 Nxe5 34. fxe5 Rab8 35. Bb5 Qf8 36. Ka2 Rxb5 37. axb5 a4 38. Ra1 axb3+ 39. cxb3 Ra8+ 40. Kb1 Rxa1+ 41. Kxa1 Bxb3 42. Kb1 Qb4 43. Qf2 Ba4+ 44. Ka1 Bb3 45. Rc1 Qa3+ 46. Kb1 d3 47. Rxc3 Bc2+ 48. Rxc2 dxc2+ 49. Qxc2 Qb4+ 50. Kc1 Qf8 51. b6 Qa3+ 52. Kd2 Qa5+ 53. Ke2 Qb5+ 54. Kf3 Qf1+ 55. Ke3 Qh3+ 56. Kd4 Qd7+ 57. Kc3 Qc6+ 58. Kd2 Qd7+ 59. Kc1 h5 60. Qc7 1-0

[Event "EYCC Girls-U10 2019"]
[Site "Bratislava"]
[Date "2019.08.09"]
[Round "8.15"]
[White "Bursali, Ela"]
[Black "Liashkevich, Lizaveta"]
[Result "1/2-1/2"]
[ECO "B54"]
[WhiteElo "1197"]
[BlackElo "1406"]
[Annotator "NA"]
[PlyCount "115"]
[EventDate "2019.08.02"]
[EventType "swiss"]
[EventCountry "SVK"]
[SourceTitle "playchess.com"]
[Source "ChessBase"]
[SourceQuality "1"]
[TimeControl "40/5400+30:1800+30"]

1. e4 c5 2. Nf3 d6 3. d4 cxd4 4. Nxd4 Nf6 5. f3 a6 6. c4 e6 7. Nc3 b6 8. Be3 Bb7 9. Be2 Be7 10. O-O Nbd7 11. Qd2 O-O 12. a3 Rc8 13. Rac1 Nc5 14. b4 Ncd7 15. Rc2 Ne5 16. Na4 Rb8 17. Rfc1 Ng6 18. b5 axb5 19. cxb5 Nd7 20. Nc3 Nc5 21. Rb1 Ra8 22. Ra2 Qc7 23. Nb3 Rfd8 24. Kh1 Rac8 25. Nd4 Bf6 26. a4 Ra8 27. Rb4 Ne7 28. Bg5 Bxg5 29. Qxg5 h6 30. Qe3 Rdc8 31. Rc2 Rd8 32. Ra2 Rdc8 33. Rc2 e5 34. Nb3 Nxb3 35. Rxb3 Rxa4 36. Nxa4 Qxc2 37. Nxb6 Qc1+ 38. Qg1 Rc2 39. Bd3 Rc3 40. Rxc3 Qxc3 41. Be2 d5 42. exd5 Nxd5 43. Nxd5 Bxd5 44. Qd1 Bc4 45. Bxc4 Qxc4 46. Qb1 Qc7 47. b6 Qb7 48. Kg1 f6 49. Qb3+ Kh8 50. Kf2 h5 51. Qb5 g6 52. Qb4 Kg7 53. Qc5 Kh6 54. Qf8+ Kg5 55. h4+ Kf5 56. Qb4 Ke6 57. Qc4+ Kd6 58. Qb5 1/2-1/2

[Event "EYCC Girls-U10 2019"]
[Site "Bratislava"]
[Date "2019.08.09"]
[Round "8.16"]
[White "Abbasova, Zarifa"]
[Black "Sosovickova, Martina"]
[Result "1/2-1/2"]
[ECO "B23"]
[WhiteElo "1353"]
[BlackElo "1200"]
[Annotator "NA"]
[PlyCount "62"]
[EventDate "2019.08.02"]
[EventType "swiss"]
[EventCountry "SVK"]
[SourceTitle "playchess.com"]
[Source "ChessBase"]
[SourceQuality "1"]
[TimeControl "40/5400+30:1800+30"]

1. e4 c5 2. Nc3 g6 3. g3 Bg7 4. Bg2 Nc6 5. d3 Nf6 6. f4 d6 7. Nf3 O-O 8. O-O Rb8 9. a4 a6 10. h3 b5 11. axb5 axb5 12. g4 b4 13. Ne2 Nd7 14. Kh1 Bb7 15. Re1 Ra8 16. Rxa8 Qxa8 17. c3 Qa2 18. d4 bxc3 19. bxc3 Qa7 20. Bb2 Na5 21. d5 Nc4 22. Qb3 Nxb2 23. Qxb2 Ra8 24. Bf1 Ba6 25. Ra1 Qb7 26. Qxb7 Bxb7 27. Rxa8+ Bxa8 28. c4 Bb7 29. Nd2 Bb2 30. Ng1 Bd4 31. Ngf3 Be3 1/2-1/2

[Event "EYCC Girls-U10 2019"]
[Site "Bratislava"]
[Date "2019.08.09"]
[Round "8.17"]
[White "Ismayilova, Khanim"]
[Black "Kuznecova, Marija"]
[Result "1-0"]
[ECO "A41"]
[WhiteElo "1265"]
[BlackElo "1375"]
[Annotator "NA"]
[PlyCount "85"]
[EventDate "2019.08.02"]
[EventType "swiss"]
[EventCountry "SVK"]
[SourceTitle "playchess.com"]
[Source "ChessBase"]
[SourceQuality "1"]
[TimeControl "40/5400+30:1800+30"]

1. d4 d6 2. Bf4 Nd7 3. Nf3 Ngf6 4. e3 Nh5 5. Bg5 h6 6. Bh4 g5 7. Nfd2 Nhf6 8. Bg3 Bg7 9. c4 e5 10. Nc3 a6 11. Bd3 Qe7 12. Qe2 Nf8 13. d5 Ng6 14. e4 h5 15. h3 h4 16. Bh2 g4 17. hxg4 Bxg4 18. f3 Bh5 19. O-O-O Bh6 20. Kb1 Nd7 21. g4 hxg3 22. Bxg3 Nf4 23. Bh4 f6 24. Qf1 Nxd3 25. Qxd3 Nc5 26. Qe2 Bf4 27. Nf1 O-O-O 28. Ne3 Rdg8 29. Rdg1 Rxg1+ 30. Rxg1 Bxf3 31. Qxf3 Rxh4 32. Nf5 Qh7 33. Nxh4 Qxh4 34. Qg2 Bg5 35. Rh1 Qf4 36. Rh8+ Kd7 37. Qh3+ f5 38. Qh7+ Be7 39. Qxf5+ Qxf5 40. exf5 Nd3 41. Ne4 Nf4 42. f6 Bd8 43. f7 1-0

[Event "EYCC Girls-U10 2019"]
[Site "Bratislava"]
[Date "2019.08.09"]
[Round "8.18"]
[White "Guzun, Lavinia"]
[Black "Petrenko, Maryna"]
[Result "1-0"]
[ECO "B13"]
[WhiteElo "1205"]
[BlackElo "1335"]
[Annotator "NA"]
[PlyCount "109"]
[EventDate "2019.08.02"]
[EventType "swiss"]
[EventCountry "SVK"]
[SourceTitle "playchess.com"]
[Source "ChessBase"]
[SourceQuality "1"]
[TimeControl "40/5400+30:1800+30"]

1. e4 c6 2. d4 d5 3. exd5 cxd5 4. c4 Nf6 5. Nc3 Bf5 6. Qb3 Qb6 7. Qb5+ Qxb5 8. Nxb5 Na6 9. a3 e6 10. Nf3 Be7 11. Bg5 Rd8 12. Nxa7 Nc7 13. c5 O-O 14. Ne5 Bc2 15. c6 bxc6 16. Naxc6 Rde8 17. Bxf6 Bxf6 18. Nd7 Ba4 19. Rc1 Na8 20. Nxf8 Kxf8 21. Ne5 Nb6 22. Bd3 g6 23. O-O Kg7 24. Bc2 Bxe5 25. dxe5 Bb5 26. Rfe1 Nc4 27. a4 Bd7 28. b3 Na5 29. b4 Nc4 30. Bb3 Nb2 31. Ra1 Nd3 32. Re2 Nxb4 33. a5 Bb5 34. Ba4 Bxa4 35. Rxa4 Na6 36. Rc2 f6 37. f4 fxe5 38. fxe5 Ra8 39. Rc6 Kf7 40. Kf2 Ke7 41. Ke3 Kd7 42. Rb6 Nc5 43. Ra2 Kc7 44. Kd4 Nb7 45. Rxe6 Nxa5 46. Kxd5 Kd7 47. Rd6+ Ke7 48. e6 Ke8 49. Rb6 Rd8+ 50. Kc5 Rc8+ 51. Kb5 Nb3 52. Kb4 Nd4 53. Rd6 Nf5 54. Rd7 Rc6 55. Ra8+ 1-0

[Event "EYCC Girls-U10 2019"]
[Site "Bratislava"]
[Date "2019.08.09"]
[Round "8.19"]
[White "Mgeladze, Kesaria"]
[Black "Novomeska, Karin"]
[Result "1-0"]
[ECO "B13"]
[WhiteElo "1294"]
[BlackElo "1269"]
[Annotator "NA"]
[PlyCount "125"]
[EventDate "2019.08.02"]
[EventType "swiss"]
[EventCountry "SVK"]
[SourceTitle "playchess.com"]
[Source "ChessBase"]
[SourceQuality "1"]
[TimeControl "40/5400+30:1800+30"]

1. e4 c6 2. d4 d5 3. exd5 cxd5 4. Bd3 g6 5. c3 Nf6 6. Bf4 Bg7 7. Nf3 O-O 8. O-O Nc6 9. Ne5 Nxe5 10. Bxe5 Ne8 11. Bxg7 Nxg7 12. f4 Bf5 13. Be2 Qd7 14. Nd2 h5 15. Nf3 Qe6 16. Ne5 f6 17. Nd3 Bxd3 18. Bxd3 Nf5 19. Re1 Qf7 20. Bxf5 gxf5 21. Re3 Kh7 22. Qe2 e6 23. Rxe6 Rae8 24. Re1 Rxe6 25. Qxe6 Kg6 26. Re3 Qxe6 27. Rxe6 Rf7 28. Rd6 Re7 29. Kf2 h4 30. Rxd5 Re6 31. Rb5 b6 32. d5 Rd6 33. Ke3 Kh5 34. h3 a6 35. Rb3 Kg6 36. c4 Kf7 37. Kd4 a5 38. c5 bxc5+ 39. Kxc5 Rd8 40. Rb7+ Ke8 41. d6 Rc8+ 42. Rc7 Rd8 43. Kc6 Rb8 44. d7+ Kd8 45. Ra7 a4 46. a3 Ke7 47. Rb7 Rd8 48. Rc7 Ke6 49. Rc8 Ke7 50. Rxd8 Kxd8 51. Kb5 Kxd7 52. Kxa4 Kc6 53. b4 Kb6 54. b5 Kb7 55. Ka5 Ka7 56. b6+ Kb7 57. Kb5 Kb8 58. Kc6 Kc8 59. b7+ Kb8 60. a4 Ka7 61. Kc7 Ka6 62. b8=Q Ka5 63. Qb5# 1-0

[Event "EYCC Girls-U10 2019"]
[Site "Bratislava"]
[Date "2019.08.09"]
[Round "8.20"]
[White "Artissi, Sabina"]
[Black "Tkacheva, Anna S."]
[Result "1/2-1/2"]
[ECO "D24"]
[WhiteElo "1419"]
[BlackElo "1264"]
[Annotator "NA"]
[PlyCount "83"]
[EventDate "2019.08.02"]
[EventType "swiss"]
[EventCountry "SVK"]
[SourceTitle "playchess.com"]
[Source "ChessBase"]
[SourceQuality "1"]
[TimeControl "40/5400+30:1800+30"]

1. Nf3 d5 2. d4 Nf6 3. c4 dxc4 4. Nc3 a6 5. a4 Bg4 6. e4 Nc6 7. Be3 e6 8. Bxc4 Bb4 9. Qd3 O-O 10. O-O Bxc3 11. bxc3 Qd7 12. Bf4 Na5 13. Ne5 Qe7 14. Bg5 Bh5 15. g4 Bg6 16. Nxg6 hxg6 17. e5 Rad8 18. exf6 gxf6 19. Bh6 Rfe8 20. Be3 Kg7 21. f3 Rh8 22. Rf2 Qd6 23. Ba2 Rh7 24. Qd2 Rdh8 25. c4 Nc6 26. Bf4 Qd7 27. d5 Ne7 28. d6 cxd6 29. Qxd6 Qxd6 30. Bxd6 Nc6 31. Rb1 Rd8 32. c5 Ne5 33. Bxe5 fxe5 34. Rxb7 Kf6 35. c6 Rd1+ 36. Kg2 Rc1 37. Rc7 Rh8 38. Bb3 Rb8 39. Bc2 Rb2 40. Be4 Rb4 41. Rc2 Rxc2+ 42. Bxc2 1/2-1/2